BR
ATLANTIC CITY WAR DOGS @ PLYMOUTH COCKS
07/13/2027
 
TOP OF THE 1ST
Atlantic City War Dogs batting - Pitching for Plymouth Cocks : RHP José García
Pitching: RHP José García
Batting: RHB Jamie Swyers 0-0: Ball
1-0: Called Strike
1-1: Ball
2-1: SINGLE (Line Drive, 4MD)
Batting: RHB José Guevara 0-0: Ball
1-0: Called Strike
1-1: Foul Ball, location: 2F
1-2: Strikes out looking
Batting: RHB Marcos Liñares 0-0: Ball
Jamie Swyers is caught stealing 2nd base
1-0: Swinging Strike
1-1: Ball
2-1: Ball
3-1: Ground out U3 (Groundball, 3)
Top of the 1st over - 0 run(s), 1 hit(s), 0 error(s), 0 left on base; Atlantic City 0 - Plymouth 0
BOTTOM OF THE 1ST
Plymouth Cocks batting - Pitching for Atlantic City War Dogs : RHP Rubén Cruz
Pitching: RHP Rubén Cruz
Batting: LHB Greg Sharpe 0-0: Called Strike
0-1: Ball
1-1: Ball
2-1: Ground out 1-3 (Groundball, 13)
Batting: RHB John Gauthier 0-0: Called Strike
0-1: Ball
1-1: Ball
2-1: Ball
3-1: Base on Balls
Batting: RHB Chase Wilkerson 0-0: Ball
1-0: Ball
2-0: Called Strike
2-1: Foul Ball, location: 2F
2-2: Foul Ball, location: 2F
2-2: Strikes out swinging
Batting: LHB Lúcio Gómez 0-0: Called Strike
0-1: Ball
1-1: Ball
2-1: Swinging Strike
2-2: Fly out, F8 (Flyball, 89M)
Bottom of the 1st over - 0 run(s), 0 hit(s), 0 error(s), 1 left on base; Atlantic City 0 - Plymouth 0
TOP OF THE 2ND
Atlantic City War Dogs batting - Pitching for Plymouth Cocks : RHP José García
Batting: RHB Roberto Ybarra 0-0: Ball
1-0: Foul Ball, location: 2F
1-1: Foul Ball, location: 2F
1-2: Strikes out looking
Batting: LHB Patrick Ferguson 0-0: Ball
1-0: SINGLE (Flyball, 6MD)
Batting: RHB Armando Vega 0-0: Ball
1-0: Ball
2-0: Ball
3-0: Swinging Strike
3-1: Base on Balls
Patrick Ferguson to second
Batting: RHB Don Jackson 0-0: Reached on error, E5 (Groundball, 56S)
Patrick Ferguson scores
Armando Vega to third
Batting: RHB Mauro Paredes 0-0: Foul Ball, location: 2F
0-1: Ball
1-1: Ball
2-1: Called Strike
2-2: Foul Ball, location: 2F
2-2: Ball
3-2: Ground out 6-3 (Groundball, 6)
Armando Vega scores
Batting: RHB Pancho Valdés 0-0: Swinging Strike
0-1: Ball
1-1: Fly out, F9 (Flyball, 9)
Top of the 2nd over - 2 run(s), 1 hit(s), 1 error(s), 1 left on base; Atlantic City 2 - Plymouth 0
BOTTOM OF THE 2ND
Plymouth Cocks batting - Pitching for Atlantic City War Dogs : RHP Rubén Cruz
Batting: RHB Sam Elder 0-0: Foul Ball, location: 2F
0-1: SINGLE (Groundball, 56D)
Batting: LHB T.J. Richardson 0-0: Ball
1-0: Called Strike
1-1: Ground out 6-3 (Groundball, 6S)
Sam Elder to second
Batting: RHB Jason Cook 0-0: Fly out, F9 (Flyball, 9LM)
Batting: LHB Joe Vásquez 0-0: Hit by Pitch
Batting: LHB Barry Pierce 0-0: Called Strike
0-1: Ground out 1-3 (Groundball, 13S)
Bottom of the 2nd over - 0 run(s), 1 hit(s), 0 error(s), 2 left on base; Atlantic City 2 - Plymouth 0
TOP OF THE 3RD
Atlantic City War Dogs batting - Pitching for Plymouth Cocks : RHP José García
Batting: RHB Jamie Swyers 0-0: SINGLE (Groundball, 25) (infield hit)
Batting: RHB José Guevara 0-0: Foul Ball, location: 2F
0-1: Ball
1-1: Foul Ball, location: 2F
1-2: Fly out, F3 (Popup, 3L)
Batting: RHB Marcos Liñares 0-0: Foul Ball, location: 2F
0-1: Ball
Jamie Swyers steals 2nd base
1-1: Ball
2-1: Called Strike
2-2: Foul Ball, location: 2F
2-2: Ball
3-2: Ground out 6-3 (Groundball, 6)
Jamie Swyers to third
Batting: RHB Roberto Ybarra 0-0: Called Strike
0-1: Ball
1-1: Foul Ball, location: 2F
1-2: Foul Ball, location: 2F
1-2: Ball
2-2: Strikes out swinging
Top of the 3rd over - 0 run(s), 1 hit(s), 0 error(s), 1 left on base; Atlantic City 2 - Plymouth 0
BOTTOM OF THE 3RD
Plymouth Cocks batting - Pitching for Atlantic City War Dogs : RHP Rubén Cruz
Batting: LHB Greg Sharpe 0-0: Ball
1-0: Swinging Strike
1-1: Ball
2-1: Called Strike
2-2: Foul Ball, location: 2F
2-2: Foul Ball, location: 2F
2-2: Ball
3-2: Foul Ball, location: 2F
3-2: Foul Ball, location: 2F
3-2: Base on Balls
Batting: RHB John Gauthier 0-0: Ball
1-0: Called Strike
1-1: Ball
Greg Sharpe steals 2nd base
2-1: Fly out, F4 (Popup, 3D)
Batting: RHB Chase Wilkerson 0-0: Ground out 6-3 (Groundball, 6S)
Greg Sharpe to third
Batting: LHB Lúcio Gómez 0-0: Ball
1-0: Ball
2-0: Ball
3-0: Called Strike
3-1: Ground out 4-3 (Groundball, 4)
Bottom of the 3rd over - 0 run(s), 0 hit(s), 0 error(s), 1 left on base; Atlantic City 2 - Plymouth 0
TOP OF THE 4TH
Atlantic City War Dogs batting - Pitching for Plymouth Cocks : RHP José García
Batting: LHB Patrick Ferguson 0-0: Ball
1-0: Foul Ball, location: 2F
1-1: SINGLE (Line Drive, 89S)
Batting: RHB Armando Vega 0-0: Foul Ball, location: 2F
0-1: SINGLE (Groundball, 6S) (infield hit)
Patrick Ferguson to second
Batting: RHB Don Jackson 0-0: Fly out, F9 (Flyball, 9S)
Batting: RHB Mauro Paredes 0-0: Ball
1-0: Foul Ball, location: 2F
1-1: Foul Ball, location: 2F
1-2: Fly out, F9 (Flyball, 89S)
Batting: RHB Pancho Valdés 0-0: Swinging Strike
0-1: Called Strike
0-2: Ball
1-2: Ball
2-2: Ball
3-2: Base on Balls
Patrick Ferguson to third
Armando Vega to second
Batting: RHB Jamie Swyers 0-0: SINGLE (Groundball, 6MD)
Patrick Ferguson scores
Armando Vega to third
Pancho Valdés to second
Runner from 3rd tries for Home, SAFE, no throw
Batting: RHB José Guevara 0-0: Called Strike
0-1: Foul Ball, location: 2F
0-2: DOUBLE (Line Drive, 89M)
Pancho Valdés scores
Jamie Swyers to third
Runner from 3rd tries for Home, SAFE, no throw
Batting: RHB Marcos Liñares 0-0: Ball
1-0: Called Strike
1-1: Called Strike
1-2: Foul Ball, location: 2F
1-2: Ball
2-2: Strikes out looking
Top of the 4th over - 4 run(s), 4 hit(s), 0 error(s), 1 left on base; Atlantic City 6 - Plymouth 0
BOTTOM OF THE 4TH
Plymouth Cocks batting - Pitching for Atlantic City War Dogs : RHP Rubén Cruz
Batting: RHB Sam Elder 0-0: Called Strike
0-1: Ball
1-1: Called Strike
1-2: Strikes out swinging
Batting: LHB T.J. Richardson 0-0: Ball
1-0: Ball
2-0: Ground out 4-3 (Groundball, 4M)
Batting: RHB Jason Cook 0-0: Fly out, F8 (Flyball, 8RS)
Bottom of the 4th over - 0 run(s), 0 hit(s), 0 error(s), 0 left on base; Atlantic City 6 - Plymouth 0
TOP OF THE 5TH
Atlantic City War Dogs batting - Pitching for Plymouth Cocks : RHP José García
Pitching: LHP Edwin Parker
Batting: RHB Roberto Ybarra 0-0: Ball
1-0: Ball
2-0: Swinging Strike
2-1: Foul Ball, location: 2F
2-2: Ball
3-2: Base on Balls
Batting: LHB Patrick Ferguson 0-0: Called Strike
0-1: Fly out, F8 (Line Drive, 78S)
Batting: RHB Armando Vega 0-0: Called Strike
0-1: Foul Ball, location: 2F
0-2: Ball
1-2: Foul Ball, location: 2F
1-2: Foul Ball, location: 2F
1-2: Fielders Choice at 2nd, 6-4 (Groundball, 6M)
Batting: RHB Don Jackson 0-0: Ball
1-0: Ball
2-0: Ball
3-0: Base on Balls
Armando Vega to second
Batting: RHB Mauro Paredes 0-0: Called Strike
0-1: Swinging Strike
0-2: Ball
1-2: Foul Ball, location: 2F
1-2: Strikes out swinging
Top of the 5th over - 0 run(s), 0 hit(s), 0 error(s), 2 left on base; Atlantic City 6 - Plymouth 0
BOTTOM OF THE 5TH
Plymouth Cocks batting - Pitching for Atlantic City War Dogs : RHP Rubén Cruz
Batting: LHB Joe Vásquez 0-0: Foul Ball, location: 2F
0-1: Foul Ball, location: 2F
0-2: Ball
1-2: Ball
2-2: Foul Ball, location: 2F
2-2: Fly out, F7 (Flyball, 7S)
Batting: LHB Barry Pierce 0-0: Ball
1-0: Foul Ball, location: 2F
1-1: Ball
2-1: Ball
3-1: Foul Ball, location: 2F
3-2: Base on Balls
Batting: LHB Greg Sharpe Pickoff Throw to First - Out!
0-0: SINGLE (Flyball, 8RS)
Batting: RHB John Gauthier 0-0: Ball
1-0: Ball
2-0: DOUBLE (Groundball, 3L)
Greg Sharpe to third
Batting: RHB Chase Wilkerson 0-0: Called Strike
0-1: Called Strike
0-2: Ball
1-2: Foul Ball, location: 2F
1-2: Ball
2-2: Strikes out swinging
Bottom of the 5th over - 0 run(s), 2 hit(s), 0 error(s), 2 left on base; Atlantic City 6 - Plymouth 0
TOP OF THE 6TH
Atlantic City War Dogs batting - Pitching for Plymouth Cocks : LHP Edwin Parker
Batting: RHB Pancho Valdés 0-0: Ball
1-0: Ball
2-0: Foul Ball, location: 2F
2-1: Ball
3-1: Foul Ball, location: 2F
3-2: Base on Balls
Batting: RHB Jamie Swyers 0-0: Ball
1-0: DOUBLE (Line Drive, 89M)
Pancho Valdés to third
Runner from 3rd tries for Home, SAFE, no throw
Batting: RHB José Guevara 0-0: SINGLE (Line Drive, 89M)
Jamie Swyers to third
Runner from 3rd tries for Home, SAFE, no throw
Batting: RHB Marcos Liñares 0-0: Called Strike
0-1: SINGLE (Groundball, 34D)
José Guevara to second
Runner from 2nd tries for 3rd, SAFE, throw made to third
Marcos Liñares to second
Batting: RHB Roberto Ybarra 0-0: Ball
1-0: Ball
2-0: Foul Ball, location: 2F
2-1: Foul Ball, location: 2F
2-2: Ball
3-2: Foul Ball, location: 2F
3-2: Foul Ball, location: 2F
3-2: Hit by Pitch
Batting: LHB Patrick Ferguson 0-0: Fly out, F1 (Line Drive, 13)
Batting: RHB Armando Vega 0-0: Grounds into double play, 5-4-3 (Groundball, 5)
Top of the 6th over - 2 run(s), 3 hit(s), 0 error(s), 2 left on base; Atlantic City 8 - Plymouth 0
BOTTOM OF THE 6TH
Plymouth Cocks batting - Pitching for Atlantic City War Dogs : RHP Rubén Cruz
Batting: LHB Lúcio Gómez 0-0: Ball
1-0: Called Strike
1-1: Ball
2-1: Ball
3-1: Base on Balls
Pitching: RHP Claude Cunningham
Batting: RHB Sam Elder 0-0: Called Strike
0-1: Ball
1-1: Called Strike
1-2: Ball
2-2: Foul Ball, location: 2F
2-2: Grounds into double play, 5-4-3 (Groundball, 56)
Batting: LHB T.J. Richardson 0-0: Called Strike
0-1: Ball
1-1: Ball
2-1: SINGLE (Groundball, 4MD)
Batting: RHB Jason Cook 0-0: Fielders Choice at 2nd, 5-4 (Groundball, 56)
Bottom of the 6th over - 0 run(s), 1 hit(s), 0 error(s), 0 left on base; Atlantic City 8 - Plymouth 0
TOP OF THE 7TH
Atlantic City War Dogs batting - Pitching for Plymouth Cocks : LHP Edwin Parker
Batting: RHB Don Jackson 0-0: Ball
1-0: Ball
2-0: Called Strike
2-1: SINGLE (Groundball, 6) (infield hit)
Batting: RHB Mauro Paredes 0-0: Ball
1-0: Ball
Wild Pitch!
Don Jackson to second
2-0: Called Strike
2-1: Called Strike
2-2: Foul Ball, location: 2F
2-2: Ball
3-2: Fly out, F3 (Line Drive, 3L)
Batting: RHB Pancho Valdés 0-0: Ball
1-0: Ball
2-0: Called Strike
2-1: Ball
3-1: Foul Ball, location: 2F
3-2: Base on Balls
Batting: RHB Jamie Swyers 0-0: SINGLE (Line Drive, 56)
Don Jackson to third
Pancho Valdés to second
Batting: RHB José Guevara 0-0: Ball
1-0: Swinging Strike
1-1: Ball
2-1: Foul Ball, location: 2F
2-2: Strikes out swinging
Batting: RHB Marcos Liñares 0-0: Ball
1-0: Foul Ball, location: 2F
1-1: Foul Ball, location: 2F
1-2: Ball
2-2: SINGLE (Groundball, 4MD)
Don Jackson scores
Pancho Valdés to third
Jamie Swyers to second
Runner from 3rd tries for Home, SAFE, no throw
Pitching: RHP Rich Wiggins
Batting: RHB Roberto Ybarra 0-0: Called Strike
0-1: Foul Ball, location: 2F
0-2: Foul Ball, location: 2F
Balk!
Jamie Swyers to third
Marcos Liñares to second
0-2: Ball
1-2: Ball
2-2: Ball
3-2: SINGLE (Line Drive, 8LS)
Jamie Swyers scores
Marcos Liñares to third
Marcos Liñares scores
Batting: LHB Patrick Ferguson 0-0: Called Strike
0-1: Ball
1-1: Swinging Strike
1-2: Foul Ball, location: 2F
1-2: Foul Ball, location: 2F
1-2: Foul Ball, location: 2F
1-2: Ball
2-2: Strikes out swinging
Top of the 7th over - 4 run(s), 4 hit(s), 0 error(s), 1 left on base; Atlantic City 12 - Plymouth 0
BOTTOM OF THE 7TH
Plymouth Cocks batting - Pitching for Atlantic City War Dogs : RHP Claude Cunningham
Batting: LHB Joe Vásquez 0-0: Fly out, F9 (Flyball, 9D)
Batting: LHB Barry Pierce 0-0: Ball
1-0: Swinging Strike
1-1: Swinging Strike
1-2: Foul Ball, location: 2F
1-2: Foul Ball, location: 2F
1-2: Ball
2-2: Foul Ball, location: 2F
2-2: Strikes out swinging
Batting: LHB Greg Sharpe 0-0: Ball
1-0: Called Strike
1-1: Foul Ball, location: 2F
1-2: Strikes out swinging
Bottom of the 7th over - 0 run(s), 0 hit(s), 0 error(s), 0 left on base; Atlantic City 12 - Plymouth 0
TOP OF THE 8TH
Atlantic City War Dogs batting - Pitching for Plymouth Cocks : RHP Rich Wiggins
Batting: RHB Armando Vega 0-0: Foul Ball, location: 2F
0-1: Ball
1-1: Swinging Strike
1-2: Ball
2-2: Strikes out swinging
Batting: RHB Don Jackson 0-0: Foul Ball, location: 2F
0-1: Fly out, F9 (Flyball, 9)
Batting: RHB Mauro Paredes 0-0: Ball
1-0: Ball
2-0: Ball
3-0: Base on Balls
Batting: RHB Pancho Valdés 0-0: Foul Ball, location: 2F
0-1: Ground out 5-3 (Groundball, 56S)
Top of the 8th over - 0 run(s), 0 hit(s), 0 error(s), 1 left on base; Atlantic City 12 - Plymouth 0
BOTTOM OF THE 8TH
Plymouth Cocks batting - Pitching for Atlantic City War Dogs : RHP Claude Cunningham
Now at 3B: John Stevens
Now in CF: Heath O'Keerwin
Batting: RHB John Gauthier 0-0: Ground out 4-3 (Groundball, 4)
Batting: RHB Chase Wilkerson 0-0: Called Strike
0-1: Foul Ball, location: 2F
0-2: Ball
1-2: Ball
2-2: Strikes out swinging
Batting: LHB Lúcio Gómez 0-0: Ball
1-0: Ball
2-0: Ball
3-0: Called Strike
3-1: Reached on error, E4 (Groundball, 4M)
Batting: RHB Sam Elder 0-0: Ball
1-0: Called Strike
1-1: Ball
2-1: Fielders Choice at 2nd, 6-4 (Groundball, 6)
Bottom of the 8th over - 0 run(s), 0 hit(s), 1 error(s), 0 left on base; Atlantic City 12 - Plymouth 0
TOP OF THE 9TH
Atlantic City War Dogs batting - Pitching for Plymouth Cocks : RHP Rich Wiggins
Pitching: LHP Mathew Bentley
Batting: RHB Jamie Swyers 0-0: Ball
1-0: Ball
2-0: Ball
3-0: Base on Balls
Batting: RHB José Guevara 0-0: Ball
1-0: Swinging Strike
1-1: Called Strike
1-2: Grounds into double play, 4-6-3 (Groundball, 4)
Batting: RHB Marcos Liñares 0-0: Ball
1-0: Foul Ball, location: 2F
1-1: Foul Ball, location: 2F
1-2: Ball
2-2: Fly out, F8 (Line Drive, 8LD)
Top of the 9th over - 0 run(s), 0 hit(s), 0 error(s), 0 left on base; Atlantic City 12 - Plymouth 0
BOTTOM OF THE 9TH
Plymouth Cocks batting - Pitching for Atlantic City War Dogs : RHP Claude Cunningham
Now at 2B: Henry Edwards
Now at SS: Tim van der Kamp
Batting: LHB T.J. Richardson 0-0: Ball
1-0: Hit by Pitch
Batting: RHB Jason Cook 0-0: Grounds into double play, 4-6-3 (Groundball, 4)
Batting: LHB Joe Vásquez 0-0: Called Strike
0-1: Ball
1-1: Ball
2-1: Called Strike
2-2: SOLO HOME RUN (Flyball, 8LXD), Distance : 443 ft
Batting: LHB Barry Pierce 0-0: Called Strike
0-1: Foul Ball, location: 2F
0-2: Strikes out swinging
Bottom of the 9th over - 1 run(s), 1 hit(s), 0 error(s), 0 left on base; Atlantic City 12 - Plymouth 1
Thursday, March 30th, 2017 - OOTP Baseball 17.12 Build 75